 Dungeon Crawl Stone Soup version 0.29.1-1-gd02db69 (webtiles) character file.

Game seed: 14653005096246038636

6 Timinator the Insei (level 1, 0/16 HPs)
             Began as a Demigod Transmuter on Jan 15, 2023.
             Slain by a jackal (2 damage)
             ... on level 1 of the Dungeon.
             The game lasted 00:01:06 (154 turns).

Timinator the Insei (Demigod Transmuter)             Turns: 154, Time: 00:01:06

Health: 0/16       AC:  2    Str: 11    XL:     1   Next: 60%
Magic:  3/5        EV: 12    Int: 15    God:
Gold:   13         SH:  0    Dex: 14    Spells: 2/3 levels left

rFire   . . .      SeeInvis .     - Unarmed
rCold   . . .      Faith    .   (no shield)
rNeg    . . .      Spirit   .   a - +0 robe
rPois   .          Reflect  .   (helmet currently unavailable)
rElec   .          Harm     .   (no cloak)
rCorr   .          Rampage  .   (no gloves)
Will    .....                   (boots currently unavailable)
Stlth   +.........              (no amulet)
HPRegen 0.05/turn               (no ring)
MPRegen 0.09/turn               (no ring)

@: appendages (expiring)
A: horns 2, talons 2, high MP 1, forlorn, divine attributes
a: End Transformation


You were on level 1 of the Dungeon.
You had temporarily grown beastly horns and talons.
You visited 1 branch of the dungeon, and saw 1 of its levels.

You collected 13 gold pieces.

Inventory:

Armour
 a - a +0 robe (worn)
Potions
 b - a potion of lignification


   Skills:
 + Level 1.0 Fighting
 + Level 0.3 Armour
 + Level 1.8 Dodging
 * Level 2.8 Unarmed Combat
 + Level 1.8 Spellcasting
 + Level 1.8 Transmutations


You had 2 spell levels left.
You knew the following spells:

 Your Spells              Type           Power      Damage    Failure   Level
a - Beastly Appendage     Tmut           12%        N/A       11%         1

Your spell library contained the following spells:

 Spells                   Type           Power      Damage    Failure   Level
 Wereblood                Tmut           6%         N/A       16%         2
 Spider Form              Tmut/Pois      4%         N/A       43%         3
 Ice Form                 Ice/Tmut       4%         N/A       83%         4


Dungeon Overview and Level Annotations

Branches:
Dungeon (1/15)


Innate Abilities, Weirdness & Mutations

You have temporarily grown beastly horns and talons.
You have an increased reservoir of magic. (+10% MP)
You shall have no god before yourself.
Your divine heritage dramatically boosts your attributes as you level up.


Message History

The jackal bites you.
* * * LOW HITPOINT WARNING * * *
The jackal closely misses you.
You completely miss the jackal. You claw the jackal.
The jackal is almost dead.
The jackal bites you.
* * * LOW HITPOINT WARNING * * *
You closely miss the jackal. You claw the jackal.
You kill the jackal!
Your Fighting skill increases to level 1!
You start resting.
Your horns disappear.
Your talons disappear.
A jackal is nearby!
A jackal comes into view.
Casting: Beastly Appendage (safe; 11% risk of failure)
Confirm with . or Enter, or press ? or * to list all spells.
You grow a pair of large bovine horns.
Your feet morph into talons.
The jackal barks!
Your transformation is almost over.
The jackal bites you.
* * * LOW HITPOINT WARNING * * *
Okay, then.
You barely miss the jackal. Your kick misses the jackal.
You headbutt the jackal.
You kill the jackal!
A jackal comes into view.
The jackal barks!
You hit the jackal. You claw the jackal, but do no damage.
You headbutt the jackal.
You kill the jackal!
Casting: Beastly Appendage (safe; 11% risk of failure)
Confirm with . or Enter, or press ? or * to list all spells.
You extend your transformation's duration.
Your transformation is almost over.
The jackal bites you.
* * * LOW HITPOINT WARNING * * *
You completely miss the jackal. The jackal barely misses you.
You barely miss the jackal. Your kick misses the jackal. The jackal misses you.
The jackal bites you.
You die...

#. #w # #. #. #. ######
..##. #@...# # ...
#h##.# #...##.###.##.#
..........†..h#########
#
.....#.####...........#
# ... #.
##..#######.##### . ..
....... #...... ###
######### #######
####### #


You could see a jackal.

Vanquished Creatures
  An endoplasm (D:1)
  3 jackals (D:1)
  A rat (D:1)
5 creatures vanquished.

Notes
Turn   | Place    | Note
-------+----------+-------------------------------------------
     0 | D:1      | Timinator the Demigod Transmuter began the quest for the
                  | Orb.
     0 | D:1      | Reached XP level 1. HP: 15/15 MP: 5/5
   112 | D:1      | Reached skill level 1 in Fighting
   154 | D:1      | Slain by a jackal

Illustrated notes

Levels and vault maps discovered:
D:1:      dpeg_arrival_renting, layout_basic

Skill      XL: |  1 |
---------------+----+-----
Fighting       | 1 |  1.0
Armour         | |  0.3
Dodging        | |  1.8
Unarmed Combat | |  2.8
Spellcasting   | |  1.8
Transmutations | |  1.8

Action                   || total
-------------------------++-------
Melee: Unarmed           ||    13
       Kick              ||     4
       Headbutt          ||     3
 Cast: Beastly Appendage ||     6
Dodge: Dodged            ||     3
